 Dungeon Crawl Stone Soup version 0.27.1-33-g824d729ab1 (webtiles) character file.

Game seed: 13382868771011190495

166 comborobin the Covert (level 5, -2/47 HPs)
             Began as a Gnoll Delver on Dec 27, 2021.
             Slain by an orc wizard (3 damage)
             ... on level 3 of the Dungeon.
             The game lasted 00:01:16 (509 turns).

comborobin the Covert (Gnoll Delver)                 Turns: 509, Time: 00:01:18

Health: -2/47      AC:  8    Str: 11    XL:     5   Next: 47%
Magic:  7/7        EV:  6    Int:  9    God:
Gold:   27         SH:  0    Dex: 15    Spells: 7/7 levels left

rFire    . . .     SeeInvis .   a - +2 morningstar (vamp)
rCold    . . .     Faith    .   (no shield)
rNeg     . . .     Spirit   .   g - +0 chain mail
rPois    .         Reflect  .   (no helmet)
rElec    .         Harm     .   (no cloak)
rCorr    .         Rampage  .   (no gloves)
Will     .....                  (no boots)
Stlth    +.........             (no amulet)
HPRegen  0.15/turn              (no ring)
MPRegen  0.10/turn              (no ring)

@: no status effects
A: fangs 1, strong nose, distributed training
a: no special abilities


You were on level 3 of the Dungeon.
You visited 1 branch of the dungeon, and saw 3 of its levels.
You also visited: Sewer.

You collected 27 gold pieces.

Inventory:

Hand Weapons
 a - a +2 vampiric morningstar (weapon)
 b - a +2 whip of venom
 i - a +1 flail of protection
 j - a +2 short sword of flaming
Armour
 g - a +0 chain mail (worn)
 h - a +0 leather armour
Wands
 f - a wand of digging (3)
Scrolls
 c - a scroll of magic mapping
 d - 2 scrolls of fear
 e - a scroll of fog
Potions
 k - a potion of magic {unknown}
 l - a potion of resistance {unknown}
 m - a potion of curing {unknown}


   Skills:
 + Level 6.7 Fighting
 + Level 1.5 Short Blades
 + Level 1.5 Long Blades
 + Level 1.5 Axes
 + Level 1.5 Maces & Flails
 + Level 1.5 Polearms
 + Level 1.5 Staves
 + Level 1.5 Slings
 + Level 1.5 Bows
 + Level 1.5 Crossbows
 + Level 1.5 Throwing
 + Level 1.5 Armour
 + Level 4.8 Dodging
 + Level 9.6 Stealth
 + Level 1.5 Shields
 + Level 4.8 Unarmed Combat
 + Level 1.5 Spellcasting
 + Level 1.2 Conjurations
 + Level 1.2 Hexes
 + Level 1.2 Summonings
 + Level 1.2 Necromancy
 + Level 1.2 Translocations
 + Level 1.2 Transmutations
 + Level 1.2 Fire Magic
 + Level 1.2 Ice Magic
 + Level 1.2 Air Magic
 + Level 1.2 Earth Magic
 + Level 1.2 Poison Magic
 + Level 1.7 Invocations
 + Level 1.5 Evocations


You had 7 spell levels left.
You didn't know any spells.
Your spell library was empty.

Dungeon Overview and Level Annotations

Branches:
Dungeon (5/15)              Sewer (visited)
 Temple: D:4-7

Altars:


Innate Abilities, Weirdness & Mutations

You have very sharp teeth.
Your uncanny sense of smell can sniff out nearby items.
Your experience applies equally to all skills.


Message History

Reactivating autopickup.
There is a stone staircase leading down here.
Unknown command.
Unknown command.
Deactivating autopickup; reactivate with Ctrl-A.
You closely miss something. Something hits you.
The orc hits you but does no damage. x2
You completely miss something. Something hits you.
The orc hits you but does no damage. x2; Something hits you but does no damage.
The orc barely misses you.
You hit something. You bite something. The orc completely misses you.
You hear some strange, mumbled words.
You are confused.
The orc hits you but does no damage. x2
You hit something. You punch something.
You hear some strange, mumbled words.
A puff of flame appears from out of thin air!
The puff of flame hits you! The orc barely misses you.
The orc hits you but does no damage.
You hear some strange, mumbled words.
A puff of flame appears from out of thin air!
The puff of flame hits you.
You bump into the rock wall.
The orc hits you with a +0 mace. The orc barely misses you.
Something hits you but does no damage.
A frilled lizard comes into view.
The frilled lizard hisses angrily.
The orc hits you with a +0 mace.
* * * LOW HITPOINT WARNING * * *
The orc barely misses you.
You're too confused to move!
The orc hits you but does no damage. x2
Something hits you.
* * * LOW HITPOINT WARNING * * *
You closely miss something.
You feel less confused. The orc hits you with a +0 mace.
* * * LOW HITPOINT WARNING * * *
The orc hits you with a +0 whip.
* * * LOW HITPOINT WARNING * * *
Something hits you.
You die...

#....#.#
#......
......
..... ...#
#..# #..#
######@o#
.......o>#
########.#
#.# #.#
#.# ...
#.# #.#


You could see 2 orcs.

Vanquished Creatures
  A water moccasin (Sewer)
  An orc priest (D:4)
  A gnoll (D:4)
  3 orcs (D:4)
  An endoplasm (D:4)
  2 giant cockroaches (D:4)
  A hobgoblin (D:4)
  2 jackals (Sewer)
  3 kobolds (Sewer)
15 creatures vanquished.

Notes
Turn   | Place    | Note
-------+----------+-------------------------------------------
     0 | D:5      | Reached skill level 9 in Stealth
     0 | D:5      | comborobin the Gnoll Delver began the quest for the Orb.
     0 | D:5      | Reached XP level 1. HP: 23/23 MP: 1/1
    79 | D:4      | Reached XP level 2. HP: 20/29 MP: 2/2
   120 | D:4      | Found a glowing drain.
   135 | D:4      | Reached skill level 1 in Invocations
   135 | D:4      | Reached XP level 3. HP: 35/35 MP: 2/4
   159 | Sewer    | Entered a sewer
   175 | Sewer    | Reached skill level 1 in Short Blades
   175 | Sewer    | Reached skill level 1 in Long Blades
   175 | Sewer    | Reached skill level 1 in Axes
   175 | Sewer    | Reached skill level 1 in Maces & Flails
   175 | Sewer    | Reached skill level 1 in Polearms
   175 | Sewer    | Reached skill level 1 in Staves
   175 | Sewer    | Reached skill level 1 in Slings
   175 | Sewer    | Reached skill level 1 in Bows
   175 | Sewer    | Reached skill level 1 in Crossbows
   175 | Sewer    | Reached skill level 1 in Throwing
   175 | Sewer    | Reached skill level 1 in Armour
   175 | Sewer    | Reached skill level 1 in Shields
   175 | Sewer    | Reached skill level 1 in Spellcasting
   175 | Sewer    | Reached skill level 1 in Evocations
   263 | Sewer    | Noticed a water moccasin
   278 | Sewer    | Killed a water moccasin
   279 | Sewer    | Reached skill level 1 in Conjurations
   279 | Sewer    | Reached skill level 1 in Hexes
   279 | Sewer    | Reached skill level 1 in Summonings
   279 | Sewer    | Reached skill level 1 in Necromancy
   279 | Sewer    | Reached skill level 1 in Translocations
   279 | Sewer    | Reached skill level 1 in Transmutations
   279 | Sewer    | Reached skill level 1 in Fire Magic
   279 | Sewer    | Reached skill level 1 in Ice Magic
   279 | Sewer    | Reached skill level 1 in Air Magic
   279 | Sewer    | Reached skill level 1 in Earth Magic
   279 | Sewer    | Reached skill level 1 in Poison Magic
   279 | Sewer    | Reached XP level 4. HP: 39/41 MP: 4/6
   279 | Sewer    | Reached XP level 5. HP: 45/47 MP: 4/7
   509 | D:3      | HP: 1/47 [orc (2)]
   509 | D:3      | Slain by an orc wizard

Illustrated notes

Levels and vault maps discovered:
D:3:      layout_basic, uniq_ijyb
D:4:      layout_gridville, gup_sewer_entry_glass
D:5:      layout_layer_cave, minmay_temple_entry_enclosed_plants

Skill      XL: |  1  2  3 |
---------------+----------+-----
Stealth        | |  9.6
Invocations    | 1 |  1.7
Short Blades   | 1 |  1.5
Long Blades    | 1 |  1.5
Axes           | 1 |  1.5
Maces & Flails | 1 |  1.5
Polearms       | 1 |  1.5
Staves         | 1 |  1.5
Slings         | 1 |  1.5
Bows           | 1 |  1.5
Crossbows      | 1 |  1.5
Throwing       | 1 |  1.5
Armour         | 1 |  1.5
Shields        | 1 |  1.5
Spellcasting   | 1 |  1.5
Evocations     | 1 |  1.5
Conjurations   | 1 |  1.2
Hexes          | 1 |  1.2
Summonings     | 1 |  1.2
Necromancy     | 1 |  1.2
Translocations | 1 |  1.2
Transmutations | 1 |  1.2
Fire Magic     | 1 |  1.2
Ice Magic      | 1 |  1.2
Air Magic      | 1 |  1.2
Earth Magic    | 1 |  1.2
Poison Magic   | 1 |  1.2
Fighting       | |  6.7
Dodging        | |  4.8
Unarmed Combat | |  4.8

Action                   |  1- 3 |  4- 6 || total
-------------------------+-------+-------++-------
Melee: Morningstar       |    27 |    14 ||    41
       Punch             |     1 |     1 ||     2
       Bite              |       |     2 ||     2
  Use: Potion            |     2 |       ||     2
 Stab: Sleeping          |     4 |       ||     4
Armor: Leather armour    |     4 |       ||     4
       Chain mail        |       |    22 ||    22
Dodge: Dodged            |    20 |    11 ||    31
